 Dungeon Crawl Stone Soup version 0.19.1 (webtiles) character file.

58 esteth the Skirmisher (level 4, -1/37 HPs)
             Began as a Formicid Abyssal Knight on Dec 15, 2016.
             Was a Follower of Lugonu.
             Slain by Grinder (5 damage)
             ... on level 3 of the Dungeon.
             The game lasted 00:05:15 (1532 turns).

esteth the Skirmisher (Formicid Abyssal Knight)     Turns: 1532, Time: 00:05:16

Health: -1/37      AC:  8    Str: 17    XL:     4   Next: 21%
Magic:  5/5        EV:  7    Int: 12    God:    Lugonu [*.....]
Gold:   133        SH:  0    Dex: 10    Spells: 0 memorised, 3 levels left

rFire  . . .     SeeInvis +     a - +1 hand axe
rCold  . . .     Gourm    .     i - +0 chain mail
rNeg   . . .     Faith    .     (no shield)
rPois  .         Spirit   .     (helmet unavailable)
rElec  .         Reflect  .     (no cloak)
rCorr  .         Harm     .     (no gloves)
MR     .....                    (no boots)
Stlth  ..........               m - amulet of rage
                                (no ring)
                                (no ring)

@: drained
A: permanent stasis, dig shafts and tunnels, four strong arms, antennae 3
a: Dig, Shaft Self, Depart the Abyss, Renounce Religion


You were on level 3 of the Dungeon.
You worshipped Lugonu.
Lugonu was aware of your devotion.
You were not hungry.

You visited 1 branch of the dungeon, and saw 3 of its levels.
You visited the Abyss 1 time.

You collected 133 gold pieces.

Inventory:

Hand Weapons
 a - a +1 hand axe (weapon)
 n - a +3 short sword
Armour
 b - a +0 leather armour
 i - a +0 chain mail (worn)
Jewellery
 m - an amulet of rage (around neck)
Scrolls
 l - a scroll of immolation {unknown}
 p - 2 scrolls of identify
 s - a scroll of fog {unknown}
 t - a scroll of teleportation {unknown}
Potions
 d - a potion of curing {unknown}
 f - a potion of magic {unknown}
 g - a potion of might {unknown}
 h - a potion of flight {unknown}
 r - a potion of cancellation {unknown}
Books
 k - a book of Minor Magic

   Spells                             Type                      Level
   a - Magic Dart                     Conjuration                  1
   b - Blink                          Translocation                2
   c - Call Imp                       Summoning                    2
   d - Repel Missiles                 Charms/Air                   2
   e - Slow                           Hexes                        2
   f - Conjure Flame                  Conjuration/Fire             3
   g - Mephitic Cloud                 Conjuration/Poison/Air       3
Comestibles
 c - a bread ration
 j - 2 beef jerkies
 o - a meat ration


   Skills:
 + Level 4.0(3.8) Fighting
 * Level 3.3(3.0) Axes
 - Level 2.2(2.0) Armour
 - Level 1.1(0.8) Dodging
 - Level 2.3(2.1) Invocations


You had 3 spell levels left.
You didn't know any spells.

Dungeon Overview and Level Annotations

Branches:
Dungeon (3/15)

Altars:

Annotations:
D:3 Grinder


Innate Abilities, Weirdness & Mutations

You are under a permanent stasis effect.
You can dig through walls and to a lower floor.
Your four strong arms can wield two-handed weapons with a shield.
You have a pair of large antennae on your head. (SInv)


Message History

You barely miss Grinder.
Grinder is severely wounded.
Grinder gestures at you.
Your stasis keeps you stable.
You hit Grinder.
Grinder is almost dead.
Grinder hits you.
You writhe in agony.
* * * LOW HITPOINT WARNING * * *
You are too injured to fight recklessly!
You are too injured to fight recklessly!
You are too injured to fight recklessly!
Okay, then.
Okay, then.
Okay, then.
You hit Grinder.
Grinder is almost dead.
Grinder hits you!
* * * LOW HITPOINT WARNING * * *
You writhe in agony.
You die...

#.<......#
#......(.# #>
#).......# #.
#........# ..
#........#
##.
#........#
..###
#.....<..####
...######
########....#
#5......#
####.# #@#
#.## #.#
#..###.######
##..........#
#####.###....
#... ..
###... ##...
##


You could see Grinder.

Vanquished Creatures
  An adder (D:2)
  An ooze (D:1)
  A worm (D:2)
  A dart slug (D:1)
  A ball python (D:1)
  3 giant cockroaches (D:2)
  8 goblins
  4 hobgoblins
  6 kobolds
  4 bats
  3 frilled lizards (D:1)
  3 rats
36 creatures vanquished.

Notes
Turn   | Place    | Note
-------+----------+-------------------------------------------
     0 | Abyss:1  | esteth the Formicid Abyssal Knight began the quest for the Orb.
     0 | Abyss:1  | Reached XP level 1. HP: 18/18 MP: 2/2
    38 | Abyss:1  | Noticed a small abomination
    41 | Abyss:1  | Noticed a tentacled starspawn
    41 | D:1      | Escaped the Abyss
    85 | D:1      | Reached skill level 1 in Dodging
    86 | D:1      | Reached XP level 2. HP: 18/24 MP: 3/3
   609 | D:1      | Reached * piety under Lugonu
   613 | D:1      | Reached XP level 3. HP: 17/29 MP: 4/4
  1061 | D:2      | Reached skill level 4 in Fighting
  1110 | D:2      | Reached XP level 4. HP: 37/37 MP: 5/5
  1505 | D:3      | Noticed Grinder
  1532 | D:3      | Slain by Grinder

Skill      XL: |  1  2  3 |
---------------+----------+-----
Dodging        | 1 |  1.1
Fighting       | 4 |  4.0
Axes           | 3 |  3.3
Armour         | |  2.2
Invocations    | |  2.3

Action                   |  1- 3 |  4- 6 || total
-------------------------+-------+-------++-------
Melee: Hand axe          |    80 |    41 ||   121
Invok: Depart the Abyss  |     1 |       ||     1
  Use: Scroll            |     4 |       ||     4
       Potion            |       |     2 ||     2
  Eat: Chunk             |     1 |       ||     1
       Bread ration      |       |     1 ||     1
Armor: Chain mail        |    49 |    19 ||    68
       Leather armour    |     6 |       ||     6
Dodge: Dodged            |    45 |     7 ||    52
